AoeStats
← Rimbo

Arabia

510411770Analyzed
1v1 RM · 2d ago on Sep 30, 2026· 46m 6s· 2 players
Game mode
Random Map
Map size
Tiny (2 player)
Population
200
Speed
Normal
Resources
Standard
Victory
Conquest
Starting age
Dark Age
Ending age
Imperial Age
RankedLock teamsTeams togetherTeam positionsShared explorationLock speedFull tech treeHidden civsTurbo modeCheats
Victory
Defeat
🇺🇸 Magyars · United States
783
+18
🇦🇷 Maya · Argentina
827
-18
King Najman II
0:27 Loom
10:38 Feudal Age
11:21 Double-Bit Axe
18:36 Fletching
19:31 Town Watch
23:52 Castle Age
23:45 Gold Mining
24:04 Padded Archer Armor
24:03 Pikeman
25:01 Crossbowman
25:47 Thumb Ring
33:51 Bodkin Arrow
39:06 Wheelbarrow
39:12 Bow Saw
40:54 Hand Cart
Rimbo
9:09 Feudal Age
9:58 Double-Bit Axe
11:27 Loom
16:40 Wheelbarrow
19:56 Castle Age
18:13 Horse Collar
19:33 Bloodlines
19:34 Scale Barding Armor
25:11 Husbandry
26:11 Chain Barding Armor
28:45 Bow Saw
30:07 Heavy Plow
31:27 Gold Mining
33:03 Fletching
35:37 Bodkin Arrow
36:21 Hand Cart
35:45 Elite Skirmisher
36:54 Corvinian Army
41:14 Padded Archer Armor
44:35 Leather Archer Armor
Connection lost

Rejoining the realm…

Still unreachable

The connection could not be restored.

Session expired

The server has moved on; the page needs a fresh start.